 Dungeon Crawl Stone Soup version 0.31-a0-188-g5e087ee2ca (webtiles) character file.

Game seed: 1360970569797203495

2097 qw the Skirmisher (level 9, -1/52 HPs)
             Began as a Deep Elf Hunter on June 23, 2023.
             Was an Initiate of Okawaru.
             Slain by a killer bee (6 damage)
             ... on level 6 of the Dungeon.
             The game lasted 00:02:48 (6566 turns).

qw the Skirmisher (Deep Elf Hunter)                 Turns: 6566, Time: 00:02:49

Health: -1/52      AC:  7    Str: 12    XL:     9   Next: 7%
Magic:  10/12      EV: 16    Int: 13    God:    Okawaru [......]
Gold:   428        SH:  0    Dex: 18    Spells: 8/8 levels left

rFire   + . .        Y - +0 shortbow (flame)
rCold   . . .        (shield currently unavailable)
rNeg    . . .        e - +0 ring mail
rPois   .            (no helmet)
rElec   +            (no cloak)
rCorr   .            (no gloves)
SInv    .            c - +0 pair of boots
Will    .....        (no amulet)
Stlth   +++          (no ring)
HPRegen 0.28/turn    (no ring)
MPRegen 0.13/turn

%: no passive effects
@: lethally poisoned (-1 -> -9), heroic
A: dopey 1, fire resistance 1, electricity resistance
a: Renounce Religion


You were on level 6 of the Dungeon.
You worshipped Okawaru.
Okawaru was noncommittal.
You visited 2 branches of the dungeon, and saw 8 of its levels.
You also visited: Sewer.

You collected 428 gold pieces.


Innate Abilities, Weirdness & Mutations

You are dopey. (Int -2)
Your flesh is heat resistant. (rF+)
You are resistant to electric shocks. (rElec)


   Skills:
 + Level 3.7(8.7) Fighting
 - Level 14.1(19.1) Ranged Weapons
 - Level 1.0(6.0) Armour
 - Level 5.0(10.0) Dodging
 - Level 1.2(6.2) Stealth
 - Level 1.6 Invocations


You had 8 spell levels left.
You didn't know any spells.
Your spell library was empty.

Inventory:

Hand Weapons
 Y - a +0 shortbow of flaming (weapon)
Armour
 c - a +0 pair of boots (worn)
 e - a +0 ring mail (worn)
Scrolls
 a - a scroll of identify
Potions
 d - 2 potions of mutation
 f - a potion of curing
 g - a potion of might
 h - a potion of cancellation
 i - a potion of haste
 k - a potion of magic

Dungeon Overview and Level Annotations

Branches:
Dungeon (7/15)             Temple (1/1) D:5           Sewer (visited)

Altars:
Ashenzari
Cheibriados
Dithmenos
Elyvilon
Fedhas
Gozag
Hepliaklqana
Kikubaaqudgha
Makhleb
Nemelex Xobeh
Okawaru
Qazlal
Sif Muna
Trog
Uskayaw
Vehumet
Wu Jian
Xom
Yredelemnul
Zin
The Shining One

Annotations:
D:6 1 runed translucent door, qw's ghost, novice NaHu


Message History

The arrow burns the killer bee.
The killer bee is almost dead.
You feel very sick.
The ufetubus hits you but does no damage.
The ufetubus barely misses you. The killer bee misses you.
The killer bee stings you but does no damage.
The ufetubus misses you. The ufetubus closely misses you.
6562 ||| DRINKING potion of heal wounds.
You feel much better.
You feel very sick. The killer bee closely misses you.
The killer bee completely misses you.
The killer bee misses you. x2; The ufetubus barely misses you.
The ufetubus hits you.
You shoot an arrow. The arrow misses the killer bee.
You feel sick. The killer bee misses you. The killer bee barely misses you.
The ufetubus barely misses you.
The ufetubus hits you but does no damage.
The killer bee misses you. The killer bee stings you!
You are lethally poisoned!
The killer bee poisons you!
You shoot an arrow. The arrow hits the killer bee.
The arrow burns the killer bee.
You kill the killer bee!
Okawaru accepts your kill.
You feel very sick. The ufetubus misses you.
The ufetubus hits you but does no damage.
The killer bee misses you.
You shoot an arrow. The arrow hits the killer bee!
The arrow burns the killer bee.
The killer bee is severely wounded.
You feel sick. The killer bee stings you. The ufetubus closely misses you. x2
The killer bee closely misses you. The ufetubus barely misses you.
The ufetubus hits you but does no damage.
You shoot an arrow. The arrow hits the killer bee.
The arrow burns the killer bee.
The killer bee is almost dead.
You feel very sick. The killer bee stings you.
You die...

##############
#.......#.....
#.......#.####
#.......#.#
#####.......#.####
#@%..<............
#5y.........#.##.#
#...##..#####.##..
######.###.#####.###.
####...)................
#....#.))..##...########
#.....).......#(# #####.
#.##.#..........# #.....
#.####.....###### #..###


You could see a killer bee and an ufetubus.

Vanquished Creatures
  A water moccasin (D:6)
  A sky beast (D:6)
  An ice beast (D:6)
  A black bear (D:6)
  An ogre (D:5)
  4 phantoms
  A gnoll sergeant (D:6)
  4 scorpions
  2 killer bees
  A bullfrog zombie (D:4)
  2 orc priests (D:5)
  A gnoll bouda (D:4)
  3 hounds
  5 orc wizards
  2 sleepcaps (D:5)
  A scorpion zombie (D:4)
  Terence (D:2)
  4 iguanas
  3 hound zombies (D:4)
  2 hound skeletons (D:4)
  4 gnolls (D:4)
  10 adders
  7 river rats (Sewer)
  A shadow imp (D:6)
  A white imp (D:5)
  2 ufetubi
  2 adder zombies (D:4)
  2 worms
  5 dart slugs
  11 orcs
  12 ball pythons
  5 bats
  7 endoplasms
  7 giant cockroaches
  2 hobgoblins
  4 jackals (D:1)
  5 quokkas
  6 frilled lizards (Sewer)
  9 goblins
  10 kobolds
  18 rats
171 creatures vanquished.

Notes
Turn   | Place    | Note
-------+----------+-------------------------------------------
     0 | D:1      | qw the Deep Elf Hunter began the quest for the Orb.
     0 | D:1      | Reached XP level 1. HP: 12/12 MP: 3/3
     0 | D:1      | 0 ||| qw: Version: 0.3-a-9-g12657ce
     0 | D:1      | 0 ||| qw: Game counter: 4267
     0 | D:1      | 0 ||| qw: Always use a shield: true
     0 | D:1      | 0 ||| qw: God list: Okawaru
     0 | D:1      | 0 ||| qw: Allow faded altars: false
     0 | D:1      | 0 ||| qw: Do Orc after D:15 true
     0 | D:1      | 0 ||| qw: Do second Lair branch before Depths: true
     0 | D:1      | 0 ||| qw: Lair rune preference: random
     0 | D:1      | 0 ||| qw: Plans: Normal
     0 | D:1      | 0 ||| PLANNING D:1-11
   294 | D:1      | Reached skill level 6 in Ranged Weapons
   294 | D:1      | Reached XP level 2. HP: 16/16 MP: 4/4
   460 | D:1      | Reached XP level 3. HP: 20/20 MP: 5/5
   849 | D:1      | 849 ||| UPGRADING to +0 ring mail.
   859 | D:1      | 859 ||| DROPPING +0 leather armour.
   860 | D:1      | 860 ||| READING scroll labelled FASAOQ WOATT.
   861 | D:1      | 861 ||| READING scroll labelled XAHUXZ ETE XAW.
   862 | D:1      | 862 ||| READING scroll labelled OLETAI JOQEFA.
   863 | D:1      | 863 ||| READING 3 scrolls labelled KOUM HESASY.
   864 | D:1      | 864 ||| DRINKING 2 white potions.
   864 | D:1      | Gained mutation: You are resistant to electric shocks.
                  | (rElec) [potion of mutation]
   864 | D:1      | Gained mutation: You are dopey. (Int -2) [potion of
                  | mutation]
   864 | D:1      | Gained mutation: Your flesh is heat resistant. (rF+)
                  | [potion of mutation]
   865 | D:1      | 865 ||| DROPPING scroll of butterflies.
   866 | D:1      | 866 ||| DROPPING 2 scrolls of fog.
   868 | D:1      | 868 ||| Stepping ~*~*~tactically~*~*~ (cloud).
   876 | D:1      | HP: 5/20 [poisoned by you (poison gas)]
  1022 | D:2      | Found a sparkling altar of Nemelex Xobeh.
  1055 | D:2      | Reached skill level 7 in Ranged Weapons
  1162 | D:2      | 1162 ||| READING scroll labelled NELUORAGRI.
  1250 | D:2      | Reached XP level 4. HP: 22/25 MP: 6/6
  1286 | D:2      | Noticed Terence
  1293 | D:2      | HP: 3/25 [Terence/+0 flail (10)]
  1294 | D:2      | Killed Terence
  1437 | D:2      | Reached skill level 8 in Ranged Weapons
  1447 | D:2      | Found a faded altar of an unknown god.
  1867 | D:2      | 1867 ||| READING scroll labelled RYJACU COJADAO.
  2001 | D:3      | Found a broken altar of Ashenzari.
  2020 | D:3      | Noticed a scorpion
  2028 | D:3      | Killed a scorpion
  2029 | D:3      | Reached XP level 5. HP: 19/29 MP: 7/7
  2246 | D:3      | Reached skill level 9 in Ranged Weapons
  2360 | D:3      | 2360 ||| READING 3 scrolls of identify.
  2360 | D:3      | 2360 ||| IDENTIFYING purple potion
  2361 | D:3      | 2361 ||| READING 2 scrolls of identify.
  2361 | D:3      | 2361 ||| IDENTIFYING smoky pink potion
  2362 | D:3      | 2362 ||| DROPPING potion of magic.
  2517 | D:4      | Reached XP level 6. HP: 25/35 MP: 8/8
  2620 | D:4      | HP: 8/35 [kobold/+0 short sword (4)]
  2621 | D:4      | 2621 ||| DRINKING potion of heal wounds.
  2630 | D:4      | Reached skill level 10 in Ranged Weapons
  2708 | D:4      | Reached skill level 3 in Dodging
  2904 | D:4      | Reached XP level 7. HP: 27/40 MP: 9/9
  3110 | D:4      | Reached skill level 11 in Ranged Weapons
  3448 | D:4      | 3448 ||| UPGRADING to +0 pair of boots.
  3453 | D:4      | 3453 ||| DROPPING ring of wizardry.
  3454 | D:4      | 3454 ||| READING scroll labelled KESUORO NOYMO.
  3455 | D:4      | 3455 ||| DRINKING 2 black potions.
  3456 | D:4      | 3456 ||| DRINKING 2 inky potions.
  3457 | D:4      | 3457 ||| DROPPING potion of degeneration.
  3458 | D:4      | 3458 ||| DROPPING potion of brilliance.
  3477 | D:5      | Entered Level 5 of the Dungeon
  3478 | D:5      | 3478 ||| PLANNING SEWER
  3481 | D:5      | Found a stormy altar of Qazlal.
  3481 | D:5      | Found a burning altar of Makhleb.
  3483 | D:5      | Found a blossoming altar of Fedhas.
  3489 | D:5      | Found a shimmering blue altar of Sif Muna.
  3492 | D:5      | Found a glowing golden altar of the Shining One.
  3497 | D:5      | Found a basalt altar of Yredelemnul.
  3499 | D:5      | Found a hazy altar of Hepliaklqana.
  3500 | D:5      | Found a sparkling altar of Nemelex Xobeh.
  3552 | D:5      | Reached skill level 1 in Armour
  3716 | D:5      | HP: 9/40 [something (2)]
  3723 | D:5      | HP: 8/40 [something (3)]
  3724 | D:5      | HP: 3/40 [something/magic dart (5)]
  3727 | D:5      | Reached skill level 12 in Ranged Weapons
  3993 | D:5      | 3993 ||| FLEEEEING.
  3994 | D:5      | 3994 ||| FLEEEEING.
  3995 | D:5      | 3995 ||| FLEEEEING.
  3996 | D:5      | 3996 ||| FLEEEEING.
  4066 | D:5      | Found a glowing drain.
  4077 | D:5      | Reached XP level 8. HP: 45/45 MP: 10/10
  4083 | Sewer    | Entered a sewer
  4125 | Sewer    | Reached skill level 3 in Fighting
  4353 | Sewer    | 4353 ||| Stepping ~*~*~tactically~*~*~ (water).
  4361 | Sewer    | 4361 ||| Stepping ~*~*~tactically~*~*~ (water).
  4542 | Sewer    | 4542 ||| READING 2 scrolls labelled CYRAOREPUZ.
  4643 | Sewer    | 4643 ||| READING 4 scrolls of identify.
  4643 | Sewer    | 4643 ||| IDENTIFYING clear potion
  4644 | Sewer    | 4644 ||| READING 3 scrolls of identify.
  4644 | Sewer    | 4644 ||| IDENTIFYING puce potion
  4645 | Sewer    | 4645 ||| DROPPING scroll of silence.
  4682 | D:5      | 4682 ||| PLANNING D:1-11
  4820 | D:5      | Found a staircase to the Ecumenical Temple.
  4821 | D:5      | 4821 ||| PLANNING TEMPLE
  4827 | Temple   | Entered the Ecumenical Temple
  4883 | Temple   | 4883 ||| PLANNING OKAWARU WORSHIP
  5078 | Temple   | Became a worshipper of Warmaster Okawaru
  5079 | Temple   | 5079 ||| PLANNING D:1-11
  5194 | D:5      | Reached skill level 13 in Ranged Weapons
  5342 | D:5      | Found an opulent altar of Gozag.
  5529 | D:6      | 5529 ||| FLEEEEING.
  5531 | D:6      | 5531 ||| STAIRDANCE
  5588 | D:5      | 5588 ||| READING 2 scrolls of identify.
  5588 | D:5      | 5588 ||| IDENTIFYING silvery potion
  5608 | D:6      | HP: 2/46 [gnoll sergeant/+0 trident (10)]
  5609 | D:6      | 5609 ||| DRINKING 3 potions of heal wounds.
  5612 | D:6      | 5612 ||| DRINKING 2 potions of heal wounds.
  5775 | D:6      | Found a runed translucent door.
  5778 | D:6      | Noticed qw's ghost (novice NaHu)
  5848 | D:6      | Reached skill level 14 in Ranged Weapons
  5882 | D:6      | Found a radiant altar of Vehumet.
  5893 | D:6      | Reached * piety under Okawaru
  5942 | D:6      | Reached skill level 1 in Invocations
  5998 | D:6      | 5998 ||| INVOKING Heroism.
  6002 | D:6      | Reached XP level 9. HP: 22/51 MP: 8/11
  6139 | D:6      | Found a bloodstained altar of Trog.
  6514 | D:6      | 6514 ||| READING scroll labelled MEUWEG KYGAEC.
  6515 | D:6      | 6515 ||| READING 2 scrolls of identify.
  6515 | D:6      | 6515 ||| IDENTIFYING bubbling grey potion
  6556 | D:7      | 6556 ||| STAIRDANCE
  6559 | D:6      | 6559 ||| INVOKING Heroism.
  6561 | D:6      | HP: 11/51 [poisoned by a killer bee]
  6562 | D:6      | 6562 ||| DRINKING potion of heal wounds.
  6566 | D:6      | HP: 5/52 [poisoned by a killer bee]
  6566 | D:6      | Slain by a killer bee

Levels and vault maps discovered:
D:1:      ncdulo_wetmaze, layout_loops_corners, minivault_14
D:2:      layout_basic, basic_altar, chequers_ecumenical_altar_island,
          grunt_decor_junction, minmay_surrounded, uniq_terence
D:3:      layout_rooms, nicolae_ashenzari_panopticon
D:4:      layout_loops_ring, serial_undead, serial_undead_d, serial_undead_f,
          serial_undead_d, serial_undead_f, serial_undead_c, serial_undead_d,
          serial_undead_b, serial_undead_e
D:5:      layout_loops_cross, mainiacjoe_overflow_catwalk,
          nicolae_overflow_hallway_of_the_gods,
          minmay_temple_entry_statues_pillars, portal_sewer_entry_f,
          minmay_a_box_with_orc_wizards_in_it
D:6:      layout_basic, lightli_temple_of_fire,
          mainiacjoe_overflow_small_starburst, ebering_ghost_sewer_d,
          minmay_diced_spiral
D:7:      layout_basic
Temple:   jpeg_temple_island

Skill      XL: |  1  2  3  4  5  6  7  8 |
---------------+-------------------------+-----
Ranged Weapons | 6 7 8 9 10 12 14 | 14.1
Fighting       | 2 3 |  3.7
Dodging        | 3 5 |  5.0
Armour         | 1 |  1.0
Invocations    | 1 |  1.6
Stealth        | |  1.2

Action                     |  1- 3 |  4- 6 |  7- 9 || total
---------------------------+-------+-------+-------++-------
   Fire: Shortbow          |   110 |   174 |   377 ||   661
 Invoke: Heroism           |       |       |     2 ||     2
    Use: Scroll            |     5 |     3 |     7 ||    15
         Potion            |     1 |     1 |     5 ||     7
 Armour: Leather armour    |     4 |       |       ||     4
         Ring mail         |     1 |    39 |    83 ||   123
  Dodge: Dodged            |    19 |    46 |   139 ||   204

Table legend:
 A = Non-vault XP
 B = Vault XP
 C = Vault XP percentage of total XP
 D = Non-vault monster count
 E = Vault monster count
 F = Vault count percentage of total count
                 A         B        C        D         E       F
            +---------+---------+-------+---------+---------+-------
      Total |    2053 |     944 |  31.5 |     120 |      51 |  29.8
            +---------+---------+-------+---------+---------+-------
        D:1 |      56 |       0 |   0.0 |      26 |       0 |   0.0
        D:2 |      67 |      43 |  39.1 |      19 |       5 |  20.8
        D:3 |     115 |       0 |   0.0 |      16 |       0 |   0.0
        D:4 |     373 |     401 |  51.8 |      22 |      11 |  33.3
        D:5 |     675 |     136 |  16.8 |      22 |       8 |  26.7
        D:6 |     706 |     217 |  23.5 |      14 |       2 |  12.5
        D:7 |      61 |       0 |   0.0 |       1 |       0 |   0.0
      Sewer |       0 |     147 | 100.0 |       0 |      25 | 100.0
            +---------+---------+-------+---------+---------+-------
